Description

This is Game 1 in Platinum 1 of the ViBE Terran B2GM 2021 series.

VOD

https://youtu.be/wKU4ZiU1fWM?t=21

Replay - Platinum 1 - TvP - Game 1

Build Order

Get SALT Encoding   

  12  0:01  SCV  
  13  0:14  SCV  
  14  0:21  Supply Depot  
  14  0:26  SCV  
  15  0:43  SCV  
  15  0:45  Barracks  
  16  0:51  Refinery  
  16  0:55  SCV  
  17  1:07  SCV  
  18  1:19  SCV  
  19  1:32  Marine, Orbital Command  
  20  1:40  Command Center  
  20  1:51  Marine  
  20  1:52  Supply Depot  
  21  1:59  SCV  
  22  2:11  SCV  
  22  2:22  Barracks Reactor  
  22  2:23  Factory, SCV  
  23  2:36  Bunker  
  25  2:53  Orbital Command  
  25  2:58  Marine x2  
  28  3:08  Factory Tech Lab  
  28  3:11  Barracks  
  29  3:18  Marine x2  
  31  3:24  Refinery  
  36  3:27  Cyclone  
  36  3:37  Supply Depot  
  36  3:41  Marine x2  
  42  4:00  Starport  
  42  4:01  Barracks Tech Lab  
  44  4:08  Marine x2  
  46  4:11  Siege Tank  
  51  4:24  Supply Depot  
  53  4:32  Stimpack, Supply Depot  
  58  4:43  Command Center  
  58  4:46  Starport Reactor  
  63  5:07  Refinery x2  
  67  5:21  Siege Tank  
  75  5:38  Medivac x2  
  84  5:49  Engineering Bay x2  
  86  6:02  Siege Tank  
  94  6:07  Orbital Command  
  95  6:27  Terran Infantry Armor Level 1, Terran Infantry Weapons Level 1  
  99  6:34  Barracks x4  
  102  6:48  Armory  
  102  6:52  Medivac x2  
  109  6:57  Orbital Command  
  98  7:23  Command Center  
  98  7:28  Barracks Reactor x4  
  99  7:35  Combat Shield  
  101  7:39  Medivac x2  
  110  7:55  Terran Vehicle Weapons Level 1  
  112  7:59  Refinery x2  
  125  8:07  Thor  
  132  8:15  Command Center  
  141  8:55  Thor  
  158  9:04  Medivac x2  
  176  9:20  Barracks x2  
  176  9:30  Planetary Fortress  
  186  9:37  Thor  
  195  9:45  Command Center  
Spawning Tool Build Advisor. Get it on Overwolf

Analysis

*

Go to:

Details

  • Created by: Maxgy   
  • Published on: Apr 09, 2021
  • Modified on: Apr 09, 2021
  • Patch: 4.11.0
  • Difficulty: Easy
Show
View Real Time Build Order
Export as new Build Order

Comments (0)

There are no comments. Be the first!

Create an account to comment!